 Dungeon Crawl Stone Soup version 0.27.0-1-g7a089689b8 (webtiles) character file.

Game seed: 9697996789634245282

94 hito the Skirmisher (level 4, -1/39 HPs)
             Began as a Formicid Fighter on Aug 7, 2021.
             Slain by a scorpion (6 damage)
             ... on level 4 of the Dungeon.
             The game lasted 00:05:28 (2890 turns).

hito the Skirmisher (Formicid Fighter)              Turns: 2890, Time: 00:05:28

Health: -1/39      AC:  6    Str: 22    XL:     4   Next: 94%
Magic:  4/4        EV:  8    Int: 13    God:
Gold:   89         SH:  9    Dex: 10    Spells: 3/3 levels left

rFire    . . .     SeeInvis +   a - +0 long sword
rCold    . . .     Faith    .   c - +0 kite shield
rNeg     . . .     Spirit   .   b - +0 scale mail
rPois    .         Reflect  .   (helmet unavailable)
rElec    .         Harm     .   (no cloak)
rCorr    .         Rampage  .   (no gloves)
Will     .....                  (no boots)
Stlth    ..........             (no amulet)
HPRegen  0.13/turn              p - +6 ring of intelligence
MPRegen  0.09/turn              (no ring)

@: lethally poisoned (-1 -> -4)
A: permanent stasis, dig shafts and tunnels, antennae 3, four strong arms
a: Dig, Shaft Self


You were on level 4 of the Dungeon.
You visited 1 branch of the dungeon, and saw 4 of its levels.

You collected 89 gold pieces.

Inventory:

Hand Weapons
 a - a +0 long sword (weapon)
 n - a +0 hunting sling
Missiles
 o - 153 stones
Armour
 b - a +0 scale mail (worn)
 c - a +0 kite shield (worn)
Jewellery
 p - a +6 ring of intelligence (left hand)
Scrolls
 e - 2 scrolls of blinking {unknown}
 g - 3 scrolls of noise {unknown}
 i - a scroll of identify {unknown}
 k - a scroll of magic mapping {unknown}
 m - 2 scrolls of teleportation {unknown}
 q - a scroll of vulnerability {unknown}
Potions
 d - 2 potions of might
 h - a potion of degeneration {unknown}
 j - a potion of heal wounds {unknown}
 l - 2 potions of curing {unknown}


   Skills:
 + Level 5.3 Fighting
 - Level 2.0 Long Blades
 - Level 3.2 Armour
 + Level 4.2 Shields


You had 3 spell levels left.
You didn't know any spells.
Your spell library contained the following spells:

 Spells                   Type           Power      Damage    Failure   Level
 Gell's Gravitas          Tloc           0%         N/A       100%        3
 Lesser Beckoning         Tloc           0%         N/A       100%        3
 Teleport Other           Tloc           0%         N/A       100%        3


Dungeon Overview and Level Annotations

Branches:
Dungeon (4/15)
 Temple: D:4-7

Altars:
Qazlal
Xom


Innate Abilities, Weirdness & Mutations

You cannot be hasted, slowed, berserked, paralysed or teleported.
You can dig through walls and to a lower floor.
You have a pair of large antennae on your head. (SInv)
Your four strong arms can wield two-handed weapons with a shield.


Message History

There is an open door here.
There is a stone staircase leading down here.
You climb downwards.
Found a scroll labelled AMNYOQ NOBBAE.
There is a stone staircase leading up here.
q - a scroll labelled AMNYOQ NOBBAE
o - 153 stones (gained 22)
You sense a monster nearby.
Found a hunting sling.
A scorpion comes into view.
The scorpion closely misses you.
You riposte.
You hit the scorpion.
The scorpion is lightly wounded.
You barely miss the scorpion.
The scorpion is lightly wounded.
The scorpion completely misses you. The scorpion stings you.
You are poisoned.
The scorpion poisons you!
You closely miss the scorpion.
The scorpion is lightly wounded.
You feel very sick. The scorpion barely misses you. The scorpion stings you.
You are more poisoned.
The scorpion poisons you!
You barely miss the scorpion.
The scorpion is lightly wounded.
You feel very sick.
The scorpion stings you but does no damage.
You slash the scorpion!
The scorpion is heavily wounded.
You feel very sick. The scorpion closely misses you. The scorpion stings you!
You barely miss the scorpion.
The scorpion is heavily wounded.
You feel very sick. You block the scorpion's attack. The scorpion stings you.
* * * LOW HITPOINT WARNING * * *
It was a potion of haste.
Your stasis prevents you from being hasted.
You feel sick. The scorpion stings you.
You die...

###.# .# #
#...####.#.#
#......<.#)#
######...###.##.#
................#####
..##########.........
#........######
#...#####.######
#......s@........
....#..#.####### .
#..#.# #..... {
.....## .#.#...
#.#.#... # .. ..


You could see a scorpion.

Vanquished Creatures
  A gnoll (D:1)
  2 dart slugs
  8 ball pythons
  7 bats
  8 endoplasms
  A giant cockroach (D:3)
  7 goblins
  6 hobgoblins
  8 jackals
  6 kobolds
  5 quokkas
  7 frilled lizards
  5 rats
71 creatures vanquished.

Notes
Turn   | Place    | Note
-------+----------+-------------------------------------------
     0 | D:1      | hito the Formicid Fighter began the quest for the Orb.
     0 | D:1      | Reached XP level 1. HP: 18/18 MP: 1/1
    29 | D:1      | Reached XP level 2. HP: 18/25 MP: 2/2
   140 | D:1      | Reached skill level 4 in Fighting
   439 | D:1      | Reached XP level 3. HP: 24/31 MP: 3/3
   857 | D:1      | Reached skill level 5 in Fighting
   992 | D:1      | Reached XP level 4. HP: 33/39 MP: 4/4
  1680 | D:2      | Found a stormy altar of Qazlal.
  1911 | D:3      | Found a faded altar of an unknown god.
  2101 | D:3      | Found a shimmering altar of Xom.
  2883 | D:4      | Noticed a scorpion
  2890 | D:4      | Slain by a scorpion

Illustrated notes

Levels and vault maps discovered:
D:1:      nicolae_arrival_memento_mori, layout_basic, grunt_decor_clamped,
          moated_statue, hangedman_glass_garden, minmay_domino_4
D:2:      layout_rooms, basic_altar
D:3:      layout_basic, mainiacjoe_overflow_cross_hatched,
          basic_ecumenical_altar
D:4:      layout_basic, serial_shops, nicolae_take_the_stairs,
          hangedman_abyss_or_decor_stabs, dk_noncrumbling_3,
          chequers_decorated_corner, kennysheep_generic_room_14, uniq_ijyb

Skill      XL: |  1  2  3  4 |
---------------+-------------+-----
Fighting       | 4 5 |  5.3
Shields        | 4 |  4.2
Long Blades    | |  2.0
Armour         | |  3.2

Action                   |  1- 3 |  4- 6 || total
-------------------------+-------+-------++-------
Melee: Long sword        |    82 |   100 ||   182
 Abil: Dig               |     2 |       ||     2
  Use: Potion            |       |     1 ||     1
Armor: Scale mail        |    28 |    36 ||    64
Dodge: Dodged            |    26 |    32 ||    58
Block: Kite shield       |    43 |    71 ||   114
       Rpst.: Long sword |    14 |     7 ||    21
